 Dungeon Crawl Stone Soup version 0.27.0-1-g7a089689b8 (webtiles) character file.

Game seed: 3395991388592586353

33710 mandarbmax the Demonic Catastrophe (level 13, -2/94 HPs)
             Began as a Demonspawn Arcane Marksman on Aug 3, 2021.
             Was an Elder of Qazlal.
             Slain by a very large slime creature (48 damage)
             ... on level 11 of the Dungeon on Aug 7, 2021.
             The game lasted 00:51:52 (17946 turns).

mandarbmax the Demonic Catastrophe (DsAM)          Turns: 17946, Time: 00:51:53

Health: -2/94      AC: 18    Str: 14    XL:     13   Next: 38%
Magic:  24/24      EV: 13    Int: 16    God:    Qazlal [****..]
Gold:   584        SH:  9    Dex: 14    Spells: 14/14 levels left

rFire    + . .     SeeInvis .   a - +2 longbow (flame)
rCold    + . .     Faith    .   (shield currently unavailable)
rNeg     . . .     Spirit   .   e - +4 ring mail {rF+}
rPois    .         Reflect  .   (helmet restricted)
rElec    .         Harm     .   v - +2 cloak
rCorr    .         Rampage  .   z - +0 pair of gloves
Will     +....                  (no boots)
Stlth    +.........             (no amulet)
HPRegen  0.25/turn              i - ring of protection from cold
MPRegen  0.19/turn              t - ring of willpower

@: repel missiles
A: antennae 1, claws 2, hooves 2, icemail 1, powered by death 2, condensation
shield
a: Renounce Religion, Upheaval, Elemental Force


You were on level 11 of the Dungeon.
You worshipped Qazlal.
Qazlal was greatly pleased with you.
You visited 1 branch of the dungeon, and saw 12 of its levels.
You visited the Abyss 1 time.
You also visited: Ossuary and Bailey.

You collected 648 gold pieces.
You spent 64 gold pieces at shops.

Inventory:

Hand Weapons
 a - a +2 longbow of flaming (weapon)
 b - a +2 long sword of flaming
 w - the +0 shortbow of the Sea {freeze, Will+ Str+6 Dex-3}
   (You found it on level 10 of the Dungeon)

   Any ammunition fired from it freezes those it strikes, dealing additional
   cold damage.
   It can also slow down cold-blooded creatures.
   Str:       It affects your strength (+6).
   Dex:       It affects your dexterity (-3).
   Will:      It increases your willpower.
 x - a +0 whip of flaming
 B - a +0 dagger of venom
 F - a +1 whip of pain
 J - a +4 shortbow
Missiles
 m - 91 arrows (quivered ammo)
Armour
 e - a +4 ring mail of fire resistance (worn)
 v - a +2 cloak (worn)
 z - a +0 pair of gloves (worn)
 C - +0 acid dragon scales
 K - the +2 leather armour of Somewhere Else {rPois rCorr Str+2 Int+4}
   (You found it in a bailey)

   Str:       It affects your strength (+2).
   Int:       It affects your intelligence (+4).
   rPois:     It protects you from poison.
   rCorr:     It protects you from acid and corrosion.
Magical Staves
 I - a staff of poison
Jewellery
 i - a ring of protection from cold (left hand)
 p - a ring of protection from cold
 t - a ring of willpower (right hand)
 G - a ring of willpower
Wands
 c - a wand of iceblast (13)
 n - a wand of charming (13)
 u - a wand of paralysis (13)
Scrolls
 f - 4 scrolls of fog
 o - 4 scrolls of amnesia
 q - 2 scrolls of blinking
 y - 2 scrolls of summoning
 A - 4 scrolls of teleportation
 M - a scroll of vulnerability
 N - a scroll of fear
Potions
 d - 4 potions of cancellation
 g - 3 potions of haste
 h - a potion of heal wounds
 j - a potion of flight
 k - a potion of might
 l - 5 potions of attraction
 r - 3 potions of brilliance
 s - 5 potions of curing
 D - 3 potions of mutation
 E - 2 potions of lignification
Miscellaneous
 H - a phantom mirror


   Skills:
 + Level 6.5 Fighting
 + Level 13.4 Bows
 + Level 5.8 Armour
 + Level 6.2 Dodging
 - Level 1.0 Spellcasting
 - Level 3.0 Hexes
 + Level 15.1 Invocations


You had 14 spell levels left.
You didn't know any spells.
Your spell library contained the following spells:

 Spells                   Type           Power      Damage    Failure   Level
 Corona                   Hex            11%        N/A       13%         1
 Slow                     Hex            10%        N/A       19%         2
 Magic Dart               Conj           0%         1d3       41%         1
 Shock                    Conj/Air       0%         1d3       41%         1
 Corpse Rot               Necr/Air       N/A        N/A       54%         2
 Searing Ray              Conj           0%         3d3       54%         2
 Inner Flame              Hex/Fire       5%         N/A       56%         3
 Portal Projectile        Hex/Tloc       10%        N/A       56%         3
 Cause Fear               Hex            5%         N/A       77%         4
 Swiftness                Air            0%         N/A       78%         3
 Fulminant Prism          Conj/Hex       2%         3d6       93%         4
 Airstrike                Air            0%         N/A       99%         4
 Dispel Undead            Necr           0%         3d6       99%         4
 Blade Hands              Tmut           0%         N/A       100%        5
 Excruciating Wounds      Necr           0%         N/A       100%        5
 Death Channel            Necr           0%         N/A       100%        6
 Dispersal                Tloc           0%         N/A       100%        6
 Disjunction              Tloc           0%         N/A       100%        8


Dungeon Overview and Level Annotations

Branches:
Dungeon (12/15)            Temple (0/1) D:4            Lair (0/6) D:9
    Orc (0/2) D:10        Ossuary (visited)          Bailey (visited)

Altars:
Ashenzari
Gozag
Hepliaklqana
Qazlal
Sif Muna
Trog
Yredelemnul

Shops:
D:6 (   D:7 *

Annotations:
D:6 2 runed translucent doors, DocClef's ghost, novice GnDe
D:7 3 runed translucent doors, ratboy's ghost, novice HOAK


Innate Abilities, Weirdness & Mutations

You have a pair of small antennae on your head.
You have very sharp fingernails.
You have hoof-like feet.
A meltable icy envelope protects you from harm. (AC +4)
You regenerate health from kills.
A meltable shield of frost defends you. (SH +4)


Message History

You shoot an arrow. The arrow hits the slime creature.
The arrow burns the slime creature.
The slime creature is heavily wounded.
You shoot an arrow. The arrow hits the slime creature!
The arrow burns the slime creature.
The slime creature is severely wounded.
You block the slime creature's attack.
Two slime creatures merge to form a large slime creature.
You shoot an arrow.
The arrow hits the large slime creature.
The arrow burns the large slime creature.
The large slime creature is heavily wounded.
You block the large slime creature's attack.
You shoot an arrow.
The arrow hits the large slime creature.
The arrow burns the large slime creature.
The large slime creature is heavily wounded.
Two slime creatures merge to form a very large slime creature.
There is a stone staircase leading up here.
Fire: 93 arrows
Press: ? - help, Q - select action, (/) - cycle Shift-Dir - straight line, f/p - very large slime creature
Aim: a very large slime creature (freezing vapour, moderately wounded, 85% to hit)
You shoot an arrow.
The arrow hits the very large slime creature!
The arrow burns the very large slime creature.
The very large slime creature is heavily wounded.
The slime creature is struck by lightning.
The very large slime creature is engulfed in freezing vapours.
The very large slime creature hits you!!!
Ouch! That really hurt!
Fire: 92 arrows
Press: ? - help, Q - select action, (/) - cycle Shift-Dir - straight line, f/p - very large slime creature
Aim: a very large slime creature (heavily wounded, 85% to hit)
You shoot an arrow.
The arrow hits the very large slime creature!
The arrow burns the very large slime creature.
The very large slime creature is heavily wounded.
The very large slime creature hits you!!!
Ouch! That really hurt!
You die...

#.......###...........#
#.......##(...........#
#.......##............#
#.......##............#
#.......##............####
###.#..###...............#
#J##.# #○..§...........#
#.##.###..○............#
#.##J##.J@.☼...........#
##.##)(#.J............(.#
#..###.(○☼.§............# #.##
#..................###
#(####...........(.........
#..(.....................#####
#..(####.........##.....###
#.J(<.............##.....#
...(.
#............##.....#######


You could see a very large slime creature and a slime creature.

Vanquished Creatures
  A centaur warrior (D:9)
  3 two-headed ogres
  2 orc knights
  Pikel (D:8)
  A manticore (D:9)
  2 cyclopes
  2 ugly things
  3 centaur zombies
  Maggie (D:7)
  A freezing wraith (D:10)
  3 unseen horrors
  Psyche (D:8)
  4 kobold demonologists
  2 trolls
  Prince Ribbit (D:9)
  11 slime creatures
  4 wraiths
  A shadow (D:10)
  A wyvern (D:8)
  8 yaks
  A steam dragon (D:7)
  2 vampire mosquitoes (D:10)
  Menkaure (D:7)
  An acid dragon (D:10)
  A water moccasin (D:6)
  4 sky beasts
  2 ice beasts
  16 orc warriors
  3 black bears
  3 necrophages
  3 ogres
  6 centaurs
  A phantom (D:5)
  A kobold brigand (D:7)
  An elf zombie (Ossuary)
  6 bullfrogs
  A gnoll sergeant (D:9)
  A scorpion (D:5)
  12 killer bees
  12 wights
  3 howler monkeys
  2 bullfrog zombies
  A human zombie (Ossuary)
  12 orc priests
  7 hounds
  A jelly (D:6)
  A bullfrog skeleton (D:6)
  A gnoll shaman (D:5)
  A scorpion zombie (D:5)
  Jessica (D:2)
  Terence (D:1)
  6 orc wizards
  Ijyb (D:3)
  2 howler monkey zombies (D:7)
  2 mummies (Ossuary)
  5 adders
  8 gnolls
  2 howler monkey skeletons (D:6)
  3 shadow imps (D:8)
  3 adder zombies (Ossuary)
  A worm (D:2)
  3 dart slugs
  46 orcs
  4 bats
  11 endoplasms
  A giant cockroach (D:1)
  5 goblins
  7 hobgoblins
  6 jackals
  6 quokkas
  6 ball pythons
  9 frilled lizards
  2 goblin zombies (Ossuary)
  6 hobgoblin zombies (Ossuary)
  20 kobolds
  8 kobold zombies (Ossuary)
  15 orc zombies (Ossuary)
  6 rats
  A rat zombie (Ossuary)
  A bush (D:8)
358 creatures vanquished.

Vanquished Creatures (others)
  A jelly (D:8)
  19 fungi (D:9)
  14 plants (D:9)
34 creatures vanquished.

Grand Total: 392 creatures vanquished

Notes
Turn   | Place    | Note
-------+----------+-------------------------------------------
     0 | D:1      | mandarbmax the Demonspawn Arcane Marksman began the quest
                  | for the Orb.
     0 | D:1      | Reached XP level 1. HP: 15/15 MP: 2/2
   430 | D:1      | Gained mutation: You have sharp fingernails. [demonic
                  | ancestry]
   430 | D:1      | Reached XP level 2. HP: 17/21 MP: 3/3
   706 | D:1      | Found a faded altar of an unknown god.
   710 | D:1      | Became a worshipper of Qazlal Stormbringer
   710 | D:1      | Reached * piety under Qazlal
  1368 | D:1      | Gained mutation: You have very sharp fingernails. [demonic
                  | ancestry]
  1368 | D:1      | Reached XP level 3. HP: 26/26 MP: 4/4
  1390 | D:1      | Reached skill level 1 in Invocations
  1797 | D:2      | Noticed Terence
  1831 | D:1      | Killed Terence
  1832 | D:1      | Reached skill level 2 in Invocations
  2148 | D:2      | Gained mutation: You regenerate a little health from kills.
                  | [demonic ancestry]
  2148 | D:2      | Reached XP level 4. HP: 32/32 MP: 5/5
  2188 | D:2      | Noticed Jessica
  2194 | D:2      | Killed Jessica
  2473 | D:2      | Reached ** piety under Qazlal
  2474 | D:2      | Reached skill level 3 in Invocations
  3284 | D:3      | Reached XP level 5. HP: 37/37 MP: 7/7
  3695 | D:3      | Noticed Ijyb
  3713 | D:3      | Killed Ijyb
  3714 | D:3      | Reached skill level 4 in Invocations
  4192 | D:4      | Noticed a necrophage
  4233 | D:4      | Noticed an ogre
  4248 | D:4      | Killed an ogre
  4249 | D:4      | Reached skill level 5 in Invocations
  4249 | D:4      | Gained mutation: A meltable shield of frost defends you.
                  | (SH +4) [demonic ancestry]
  4249 | D:4      | Reached XP level 6. HP: 35/43 MP: 9/9
  4341 | D:3      | Noticed an ice beast
  4409 | D:3      | Killed an ice beast
  4410 | D:3      | Reached skill level 5 in Bows
  4410 | D:3      | Reached skill level 6 in Invocations
  4542 | D:4      | Found a staircase to the Ecumenical Temple.
  4558 | D:4      | Gained mutation: You have a pair of small antennae on your
                  | head. [demonic ancestry]
  4558 | D:4      | Reached XP level 7. HP: 48/48 MP: 11/11
  4570 | D:4      | Found a bloodstained altar of Trog.
  4944 | D:4      | Found a basalt altar of Yredelemnul.
  5619 | D:5      | Entered Level 5 of the Dungeon
  5678 | D:5      | Reached skill level 7 in Invocations
  5747 | D:5      | Found a shimmering blue altar of Sif Muna.
  6123 | D:5      | Reached skill level 8 in Invocations
  6123 | D:5      | Reached XP level 8. HP: 28/52 MP: 12/14
  6833 | D:5      | Reached skill level 9 in Invocations
  7436 | D:6      | Found Giptavek's Weapon Shoppe.
  7448 | D:6      | Bought 20 arrows for 52 gold pieces
  7591 | D:6      | Found an opulent altar of Gozag.
  7842 | D:6      | Reached skill level 10 in Invocations
  8190 | D:6      | Gained mutation: You regenerate health from kills. [demonic
                  | ancestry]
  8190 | D:6      | Reached XP level 9. HP: 55/59 MP: 16/16
  8265 | D:6      | Reached *** piety under Qazlal
  8340 | D:6      | Found a large runed translucent door.
  8340 | D:6      | Found a large runed translucent door.
  8340 | D:6      | Noticed DocClef's ghost (novice GnDe)
  8621 | D:6      | Found a hazy altar of Hepliaklqana.
  8794 | D:7      | Found a runed translucent gate.
  8794 | D:7      | Found a runed translucent gate.
  8794 | D:7      | Found a runed translucent gate.
  8815 | D:7      | Noticed Menkaure
  8832 | D:7      | HP: 4/88 [something (6)]
  8833 | D:7      | Killed Menkaure
  8834 | D:7      | Reached skill level 11 in Invocations
  8856 | D:7      | Noticed ratboy's ghost (novice HOAK)
  9105 | D:7      | Noticed Maggie
  9123 | D:7      | Killed Maggie
  9234 | D:7      | Found Nuliqafeu's Needful Niceties.
  9253 | D:7      | Bought a scroll of noise for 12 gold pieces
  9323 | D:7      | Reached skill level 12 in Invocations
 10008 | D:7      | Killed a large slime creature
 10009 | D:7      | Gained mutation: You have large cloven feet. [demonic
                  | ancestry]
 10009 | D:7      | Reached XP level 10. HP: 51/65 MP: 11/19
 10257 | D:8      | Found a transporter.
 10258 | D:8      | Found a transporter.
 10272 | D:8      | Noticed Pikel
 10289 | D:8      | Killed Pikel
 10290 | D:8      | Reached skill level 10 in Bows
 10290 | D:8      | Reached skill level 13 in Invocations
 10320 | D:8      | Found a sand-covered staircase.
 10325 | Ossuary  | Entered an ossuary
 10844 | D:8      | Reached skill level 1 in Armour
 11113 | D:8      | Noticed Psyche
 11114 | D:8      | Killed Psyche
 11263 | D:8      | Cast into level 1 of the Abyss (wight)
 11274 | D:8      | Escaped the Abyss
 11327 | D:8      | Noticed a two-headed ogre
 11332 | D:8      | Killed a two-headed ogre
 12139 | D:8      | Reached **** piety under Qazlal
 12143 | D:8      | Gained mutation: You have hoof-like feet. [demonic
                  | ancestry]
 12143 | D:8      | Reached XP level 11. HP: 75/75 MP: 21/21
 12399 | D:9      | Found a staircase to the Lair.
 12974 | D:9      | You fall into a shaft and drop 3 floors!
 13072 | D:12     | Found a flagged portal.
 13081 | Bailey   | Entered a bailey
 13093 | Bailey   | Reached skill level 14 in Invocations
 13642 | Bailey   | Noticed an orc knight
 13647 | Bailey   | Killed an orc knight
 13657 | Bailey   | Acquired a +2 longbow of flaming
 13715 | Bailey   | Identified the +2 leather armour of Somewhere Else {rPois
                  | rCorr Str+2 Int+4}
 14192 | D:12     | Reached skill level 5 in Fighting
 14349 | D:11     | Reached skill level 5 in Dodging
 14425 | D:10     | Entered Level 10 of the Dungeon
 14427 | D:10     | Noticed a two-headed ogre
 14433 | D:10     | Killed a two-headed ogre
 15439 | D:9      | Found a broken altar of Ashenzari.
 15483 | D:9      | Noticed Prince Ribbit
 15512 | D:9      | Killed Prince Ribbit
 15513 | D:9      | Reached skill level 5 in Armour
 15705 | D:9      | Gained mutation: A meltable icy envelope protects you from
                  | harm. (AC +4) [demonic ancestry]
 15705 | D:9      | Reached XP level 12. HP: 87/87 MP: 23/23
 15832 | D:9      | Noticed a centaur warrior
 16190 | D:9      | Killed a centaur warrior
 16884 | D:9      | Reached XP level 13. HP: 93/93 MP: 24/24
 17141 | D:10     | Reached skill level 15 in Invocations
 17726 | D:10     | Found a staircase to the Orcish Mines.
 17811 | D:10     | Identified the +0 shortbow of the Sea {freeze, Will+ Str+6
                  | Dex-3}
 17946 | D:11     | Slain by a very large slime creature

Illustrated notes

Levels and vault maps discovered:
D:1:      saegor_arrival_simple_e, layout_basic,
          hellmonk_ecumenical_altar_heavens_door, minmay_heptomino_l4
D:2:      layout_rooms, st_stairs_4, minmay_misc_feat_doors, uniq_terence,
          uniq_jessica
D:3:      layout_rooms, chequers_mini_garden, minmay_liquid_box, uniq_ijyb
D:4:      layout_layer_cave, mainiacjoe_overflow_cross_hatched,
          mainiacjoe_overflow_chevrons, minmay_temple_entry_overgrown
D:5:      layout_basic, mainiacjoe_overflow_catwalk
D:6:      layout_basic, marbit_many_paths, nzn_hepliaklqana_mist_gate,
          ebering_ghost_disaster_area, serial_shops, nicolae_shop_waterfront
D:7:      layout_rooms, ebering_ghost_rock_garden, nicolae_alphabet_shops,
          uniq_maggie, uniq_menkaure
D:8:      gammafunk_wand_slinger, layout_basic, enter_ossuary_5,
          kb_lookout_dungeons_type, minmay_misc_feat_iff, lemuel_flamethrower_1,
          uniq_pikel, uniq_psyche
D:9:      minmay_chambers_of_sixes, layout_layer_cave,
          mainiacjoe_overflow_24_doors, grunt_lair_entry_orc_guard_hut,
          uniq_prince_ribbit1
D:10:     layout_loops_ring, orc_0_dummy, minmay_shattered_shrine
D:11:     layout_rooms
D:12:     layout_long_grid, serial_co_window_serial, co_window_corner_a,
          co_window_paths_a, co_window_corner_a, co_window_of_opportunity_a,
          co_window_paths_a, co_window_of_opportunity_a, co_window_paths_a,
          co_window_corner_a, co_window_paths_b, co_window_paths_c,
          co_window_corner_cb, co_window_corner_cb, co_window_of_opportunity_b,
          co_window_of_opportunity_c, co_window_corner_ca, co_window_corner_ca,
          glass_columns_a, glass_columns_b, glass_columns_a, glass_columns_b,
          enter_bailey_4, minivault_8, uniq_nergalle

Skill      XL: |  1  2  3  4  5  6  7  8  9 10 11 12 13 |
---------------+----------------------------------------+-----
Bows           | 2 3 4 5 6 8 9 10 11 13 | 13.4
Dodging        | 2 3 5 6 |  6.2
Invocations    | 2 3 5 6 8 10 12 13 14 15 | 15.1
Armour         | 2 5 |  5.8
Fighting       | 3 5 6 |  6.5
Spellcasting   | |  1.0
Hexes          | |  3.0

Action                   |  1- 3 |  4- 6 |  7- 9 | 10-12 | 13-15 || total
-------------------------+-------+-------+-------+-------+-------++-------
Melee: Whip              |   121 |   100 |       |       |       ||   221
       Unarmed           |     3 |       |       |       |       ||     3
       Dagger            |       |   118 |   345 |       |       ||   463
       Long sword        |       |       |    42 |   438 |       ||   480
       Kick              |       |       |       |   131 |       ||   131
 Fire: Shortbow          |    22 |    42 |   186 |   217 |       ||   467
       Longbow           |       |       |       |   114 |   117 ||   231
 Cast: Corona            |     1 |       |       |       |       ||     1
Invok: Upheaval          |       |     2 |     6 |     7 |       ||    15
Evoke: Wand              |       |       |     3 |    10 |       ||    13
  Use: Scroll            |     1 |     5 |    10 |     6 |     2 ||    24
       Potion            |     2 |     1 |     6 |     4 |       ||    13
 Stab: Paralysed         |       |       |     7 |       |       ||     7
Armor: Robe              |    26 |       |       |       |       ||    26
       Ring mail         |     1 |    88 |   166 |   210 |    20 ||   485
Dodge: Dodged            |    88 |    82 |   150 |   281 |    27 ||   628
       Repelled          |       |       |       |     1 |       ||     1
Block: Other             |     3 |    39 |   148 |   270 |    16 ||   476
       Rpst.: Long sword |       |       |     6 |    62 |       ||    68
